 Dungeon Crawl Stone Soup version 0.29-a0-338-g1ff7896281 (webtiles) character file.

Game seed: 6452840434829700751

201 Jortsu the Cudgeller (level 5, -5/53 HPs)
             Began as a Troll Fighter on Apr 19, 2022.
             Slain by a sky beast (6 damage)
             ... on level 3 of the Dungeon.
             The game lasted 00:02:59 (1366 turns).

Jortsu the Cudgeller (Troll Fighter)                Turns: 1366, Time: 00:03:00

Health: -5/53      AC:  4    Str: 26    XL:     5   Next: 50%
Magic:  4/4        EV:  9    Int:  4    God:
Gold:   114        SH:  7    Dex:  9    Spells: 4/4 levels left

rFire   . . .      SeeInvis .   m - +0 whip (protect)
rCold   . . .      Faith    .   c - +0 kite shield
rNeg    . . .      Spirit   .   b - +0 robe
rPois   .          Reflect  .   (helmet restricted)
rElec   .          Harm     .   (no cloak)
rCorr   .          Rampage  .   (gloves unavailable)
Will    .....                   (boots unavailable)
Stlth   +.........              (no amulet)
HPRegen 0.97/turn               (no ring)
MPRegen 0.09/turn               (no ring)

@: no status effects
A: large, unfitting armour, claws 3, regeneration 1, shaggy fur 1, tough skin 1
a: no special abilities


You were on level 3 of the Dungeon.
You visited 1 branch of the dungeon, and saw 3 of its levels.

You collected 114 gold pieces.

Inventory:

Hand Weapons
 a - a +0 flail
 m - a +0 whip of protection (weapon)
Armour
 b - a +0 robe (worn)
 c - a +0 kite shield (worn)
Scrolls
 e - a scroll of holy word {unknown}
 h - a scroll of enchant armour
Potions
 d - 2 potions of might
 f - a potion of brilliance
 i - a potion of lignification
 k - a potion of haste {unknown}
 l - a potion of curing {unknown}


   Skills:
 + Level 3.0 Fighting
 + Level 3.6 Maces & Flails
 + Level 3.2 Dodging
 + Level 0.1 Stealth
 + Level 3.1 Shields


You had 4 spell levels left.
You didn't know any spells.
Your spell library contained the following spells:

 Spells                   Type           Power      Damage    Failure   Level
 Animate Skeleton         Necr           0%         N/A       80%         1
 Apportation              Tloc           0%         N/A       80%         1
 Summon Small Mammal      Summ           0%         N/A       80%         1
 Static Discharge         Conj/Air       0%         N/A       90%         2
 Dispel Undead            Necr           0%         3d6       100%        4
 Sticky Flame             Conj/Fire      0%         2d3       100%        4


Dungeon Overview and Level Annotations

Branches:
Dungeon (3/15)

Altars:
Vehumet


Innate Abilities, Weirdness & Mutations

You are too large for most types of armour.
You have claws for hands.
Your natural rate of healing is unusually fast.
You are covered in fur. (AC +1)
You have tough skin. (AC +1)


Message History

You feel your willpower return. Something hits you but does no damage.
You miss something.
A sky beast appears from thin air!
Reactivating autopickup.
The sky beast hits you but does no damage.
You barely miss the sky beast.
The sky beast is lightly wounded.
The sky beast hits you. The sky beast shocks you.
You closely miss the sky beast.
The sky beast is lightly wounded.
The sky beast hits you. The sky beast shocks you.
You miss the sky beast.
The sky beast is lightly wounded.
You block the sky beast's attack.
You barely miss the sky beast.
The sky beast is lightly wounded.
The sky beast hits you. The sky beast shocks you.
You closely miss the sky beast.
The sky beast is lightly wounded.
The sky beast flickers out of sight!
Deactivating autopickup; reactivate with Ctrl-A.
You block something's attack.
You barely miss something. Something hits you. Something shocks you.
You barely miss something. Something hits you. Something shocks you.
* * * LOW HITPOINT WARNING * * *
You barely miss something. Something hits you.
* * * LOW HITPOINT WARNING * * *
Something shocks you.
* * * LOW HITPOINT WARNING * * *
You completely miss something. Something hits you.
* * * LOW HITPOINT WARNING * * *
Something shocks you.
* * * LOW HITPOINT WARNING * * *
You barely miss something. Something hits you but does no damage.
You miss something.
A sky beast appears from thin air!
Reactivating autopickup.
The sky beast hits you.
* * * LOW HITPOINT WARNING * * *
The sky beast shocks you.
You die...

#.....# #.....#
#.....# # #.....# ..
#..).<###### ...
#................
#.....#####......
#.....#####...?..
###.....##.@Y......
...........##......
....<.......# .....
....................
.............### ...
.............# ##
............#
............#
...........##


You could see a sky beast.

Vanquished Creatures
  Jessica (D:2)
  An iguana (D:2)
  Natasha (thrice) (D:2)
  2 adders (D:2)
  3 dart slugs
  2 ball pythons (D:1)
  4 bats
  4 endoplasms
  9 giant cockroaches (D:2)
  4 goblins (D:1)
  3 hobgoblins
  7 jackals (D:2)
  2 quokkas (D:1)
  2 frilled lizards
  A kobold (D:2)
  3 rats
51 creatures vanquished.

Notes
Turn   | Place    | Note
-------+----------+-------------------------------------------
     0 | D:1      | Jortsu the Troll Fighter began the quest for the Orb.
     0 | D:1      | Reached XP level 1. HP: 22/22 MP: 0/0
    65 | D:1      | Reached XP level 2. HP: 29/29 MP: 1/1
   491 | D:2      | Reached XP level 3. HP: 30/36 MP: 2/2
   552 | D:2      | Found a radiant altar of Vehumet.
   592 | D:2      | Noticed Natasha
   600 | D:2      | Killed Natasha
   601 | D:2      | Reached XP level 4. HP: 44/44 MP: 3/3
   654 | D:2      | Noticed Natasha
   660 | D:2      | Killed Natasha
   729 | D:2      | Noticed Natasha
   740 | D:2      | Killed Natasha
   741 | D:2      | Reached XP level 5. HP: 43/52 MP: 4/4
   946 | D:2      | Noticed Jessica
   953 | D:2      | Killed Jessica
  1344 | D:3      | Noticed a sky beast
  1366 | D:3      | HP: 1/53 [sky beast (4)]
  1366 | D:3      | Slain by a sky beast

Illustrated notes

Levels and vault maps discovered:
D:1:      dpeg_arrival_pond, layout_rooms, moated_statue
D:2:      minmay_roachtagon, layout_loops_ring, basic_altar, uniq_jessica,
          uniq_natasha
D:3:      layout_rooms, chequers_ecumenical_altar_lobes, uniq_ijyb

Skill      XL: |  1  2  3  4  5 |
---------------+----------------+-----
Maces & Flails | 2 3 |  3.6
Dodging        | 3 |  3.2
Shields        | 3 |  3.1
Fighting       | 3 |  3.0
Stealth        | |  0.1

Action                   |  1- 3 |  4- 6 || total
-------------------------+-------+-------++-------
Melee: Flail             |    75 |    55 ||   130
       Whip              |       |    68 ||    68
  Use: Scroll            |     5 |     4 ||     9
Armor: Robe              |    30 |    46 ||    76
Dodge: Dodged            |    27 |    38 ||    65
Block: Kite shield       |    39 |    46 ||    85

Table legend: (Time is in decaauts)
 A = Elapsed time spent in this place.
 B = Non-inter-level travel time spent in this place.
 C = Inter-level travel time spent in this place.
 D = Time resting spent in this place.
 E = Time spent auto-exploring this place.
 F = Levels seen in this place.
 G = Mean time per level.
                   A        B        C        D        E       F      G
               +--------+--------+--------+--------+--------+-----+--------+
         Total |   1421 |   1391 |     30 |      0 |    878 |   3 |  473.7 |
       Dungeon |   1421 |   1391 |     30 |      0 |    878 |   3 |  473.7 |
               +--------+--------+--------+--------+--------+-----+--------+

Top non-repeatable levels by time:
     D:2: 947 daAuts
     D:1: 440 daAuts
     D:3: 33 daAuts
